 Dungeon Crawl Stone Soup version 0.28-a0-828-g0121872642 (webtiles) character file.

Game seed: 14951700736539102244

8302 timneilson the Blocker (level 11, -11/66 HPs)
             Began as a Gargoyle Fighter on Nov 11, 2021.
             Was a High Priest of Okawaru.
             Mangled by an orc knight (30 damage)
             ... in a bailey.
             The game lasted 00:24:13 (8705 turns).

timneilson the Blocker (Gargoyle Fighter)           Turns: 8705, Time: 00:24:14

Health: -11/66     AC: 28    Str: 23    XL:     11   Next: 28%
Magic:  12/14      EV:  8    Int:  9    God:    Okawaru [*****.]
Gold:   749        SH:  6    Dex:  9    Spells: 10/10 levels left

rFire   . . .      SeeInvis .   r - +3 double sword (flame)
rCold   . . .      Faith    .   c - +0 buckler
rNeg    + + .      Spirit   .   m - +0 plate armour {rN+}
rPois   ∞          Reflect  .   e - +1 helmet
rElec   +          Harm     .   (no cloak)
rCorr   +          Rampage  .   i - +0 pair of gloves
Will    .....                   I - +1 pair of boots
Stlth   ..........              b - amulet of regeneration
HPRegen 1.21/turn               n - ring of resist corrosion
MPRegen 0.14/turn               q - +4 ring of slaying

@: mighty, invisible
A: sickness immunity, AC +8, negative energy resistance 1, electricity
resistance, torment resistance 1, petrification resistance
a: Renounce Religion, Heroism, Finesse, Duel


You were in a bailey.
You worshipped Okawaru.
Okawaru was extremely pleased with you.
You visited 2 branches of the dungeon, and saw 12 of its levels.
You also visited: Bailey.

You collected 749 gold pieces.

Inventory:

Hand Weapons
 a - a +0 long sword of venom
 r - a +3 double sword of flaming (weapon)
 H - a +0 vorpal scimitar
Armour
 c - a +0 buckler (worn)
 e - a +1 helmet (worn)
 i - a +0 pair of gloves (worn)
 m - a +0 plate armour of positive energy (worn)
 I - a +1 pair of boots (worn)
Jewellery
 b - an amulet of regeneration (around neck)
 d - a ring of positive energy
 n - a ring of resist corrosion (left hand)
 q - a +4 ring of slaying (right hand)
Wands
 x - a wand of polymorph (6)
 B - a wand of paralysis (20)
 D - a wand of iceblast (4)
 G - a wand of digging (4)
Scrolls
 g - 6 scrolls of teleportation
 s - a scroll of amnesia
 u - a scroll of blinking
 y - 3 scrolls of fog
 C - 3 scrolls of holy word
 K - a scroll of fear
Potions
 f - a potion of invisibility
 h - 4 potions of ambrosia {unknown}
 j - 3 potions of might
 k - a potion of resistance
 l - a potion of cancellation
 o - a potion of magic {unknown}
 p - 3 potions of heal wounds {unknown}
 t - a potion of berserk rage {unknown}
 v - 3 potions of lignification
 w - 6 potions of mutation
 A - 4 potions of curing
 E - 5 potions of brilliance
 J - a potion of flight {unknown}


   Skills:
 + Level 6.9 Fighting
 * Level 7.5 Long Blades
 * Level 9.3 Armour
 + Level 4.4 Dodging
 * Level 9.3 Shields
 + Level 5.1 Invocations
 + Level 4.2 Evocations


You had 10 spell levels left.
You didn't know any spells.
Your spell library contained the following spells:

 Spells                   Type           Power      Damage    Failure   Level
 Apportation              Tloc           0%         N/A       99%         1
 Beastly Appendage        Tmut           0%         N/A       99%         1
 Foxfire                  Conj/Fire      0%         2x1d4     99%         1
 Wereblood                Tmut           0%         N/A       100%        2
 Conjure Flame            Conj/Fire      0%         6-21      100%        3
 Gell's Gravitas          Tloc           0%         N/A       100%        3
 Inner Flame              Hex/Fire       0%         N/A       100%        3
 Lesser Beckoning         Tloc           0%         N/A       100%        3
 Spider Form              Tmut/Pois      0%         N/A       100%        3
 Teleport Other           Tloc           0%         N/A       100%        3
 Flame Wave               Conj/Fire      0%         3d3       100%        4
 Fulminant Prism          Conj/Hex       0%         3d6       100%        4
 Alistair's Intoxication  Tmut/Pois      0%         N/A       100%        5
 Silence                  Hex/Air        0%         N/A       100%        5
 Orb of Destruction       Conj           0%         N/A       100%        7
 Summon Guardian Golem    Hex/Summ       Unusable   N/A       N/A         3
 Tukima's Dance           Hex            Unusable   N/A       N/A         3
 Spellforged Servitor     Conj/Summ      Unusable   N/A       N/A         7

Dungeon Overview and Level Annotations

Branches:
Dungeon (11/15)            Temple (1/1) D:5            Lair (0/6) D:11
    Orc (0/2) D:9          Bailey (1/1)

Altars:
Ashenzari
Cheibriados
Dithmenos
Elyvilon
Fedhas
Gozag
Hepliaklqana
Kikubaaqudgha
Makhleb
Nemelex Xobeh
Okawaru
Qazlal
Ru
Sif Muna
Trog
Uskayaw
Vehumet
Wu Jian
Xom
Yredelemnul
Zin
The Shining One

Shops:
D:3 ?   D:8 (


Innate Abilities, Weirdness & Mutations

You are immune to sickness and miasma.
Your stone body is resilient. (AC +8)
You are immune to poison.
You resist negative energy. (rN+)
You are resistant to electric shocks. (rElec)
You are resistant to unholy torment.
You are immune to petrification.


Message History

The orc knight no longer looks unusually strong. x2
Things that are here:
a +0 spear; a +0 ring mail The orc knight roars a battlecry!
The orcs go into a battle-frenzy!
The orc knight roars a battlecry!
The orc knight goes into a battle-frenzy!
Items here: )) [ †.
There is an open door here.
Things that are here:
a +0 halberd; an orc corpse
There is an open door here.
You feel like a meek peon again.
You see here a +0 spear.
You see here a +0 halberd.
You see here a +0 spear.
You slash the orc knight! You burn the orc knight.
The orc knight is severely wounded.
The orc knight no longer looks unusually strong.
The orc knight barely misses you.
You catch the helpless orc knight completely off-guard!
You slice the orc knight!! You burn the orc knight!
You kill the orc knight!
Okawaru accepts your kill.
You can now enter into single combat with a foe.
Okawaru will now gift you equipment as you gain piety.
You slice the orc knight!! You burn the orc knight!
The orc knight is heavily wounded.
Your hands slow down.
The orc knight hits you with a +0 halberd!
* * * LOW HITPOINT WARNING * * *
You slash the orc knight! You burn the orc knight.
The orc knight is severely wounded.
You block the orc knight's attack. The orc knight barely misses you.
You barely miss the orc knight.
The orc knight is severely wounded.
The orc knight roars a battlecry!
The orcs go into a battle-frenzy!
The orc knight hits you with a +0 halberd!!
You die...

############ #######
##.∩...)....## ##.....#
#......)))...######.).....
#.....)).oo..#.)))#o)....o
#∩....)))@).oo.oo.oo)..o..
#............#....#))..o..
#............######.......
##.∩........## ##.....#
############ #######


You could see 4 orc knights and 2 orc warriors.

Vanquished Creatures
  A two-headed ogre (D:10)
  An orc knight (Bailey)
  3 trolls
  Sigmund (D:2)
  A vampire (D:10)
  8 yaks
  A wyvern (D:9)
  A steam dragon (D:7)
  Menkaure (D:6)
  An acid dragon (D:9)
  A swamp drake (D:9)
  2 water moccasins (D:8)
  13 orc warriors
  An ice beast (D:5)
  A hornet zombie (D:8)
  2 ogres
  A black bear (D:4)
  A necrophage (D:7)
  A centaur (D:8)
  A phantom (D:5)
  4 bullfrogs
  3 wyvern zombies
  A water moccasin zombie (D:5)
  A scorpion (D:6)
  A water moccasin skeleton (D:5)
  A killer bee (D:9)
  9 wights
  An electric eel (D:6)
  2 howler monkeys
  A bullfrog zombie (D:5)
  A centaur zombie (D:6)
  3 hounds
  11 orc priests
  Ijyb (D:3)
  A bullfrog skeleton (D:6)
  An iguana (D:5)
  15 orc wizards
  2 howler monkey zombies
  Robin (D:3)
  8 adders
  6 gnolls
  A shadow imp (D:5)
  3 worms
  3 dart slugs
  74 orcs
  An endoplasm (D:3)
  2 giant cockroaches (D:1)
  11 goblins
  10 hobgoblins
  11 jackals
  4 kobolds
  3 quokkas
  5 ball pythons
  A bat (D:1)
  3 frilled lizards
  6 rats
255 creatures vanquished.

Vanquished Creatures (others)
  An orc wizard (D:10)
1 creature vanquished.

Grand Total: 256 creatures vanquished

Notes
Turn   | Place    | Note
-------+----------+-------------------------------------------
     0 | D:1      | timneilson the Gargoyle Fighter began the quest for the
                  | Orb.
     0 | D:1      | Reached XP level 1. HP: 14/14 MP: 1/1
    32 | D:1      | Reached XP level 2. HP: 19/19 MP: 2/2
   385 | D:1      | Found a faded altar of an unknown god.
   564 | D:1      | Reached XP level 3. HP: 23/23 MP: 3/3
   860 | D:2      | Noticed Sigmund
   868 | D:2      | Killed Sigmund
   869 | D:2      | Reached skill level 1 in Dodging
   869 | D:2      | Reached XP level 4. HP: 21/29 MP: 4/4
   869 | D:2      | Reached XP level 5. HP: 24/33 MP: 5/5
  1771 | D:3      | Noticed Robin
  1814 | D:3      | Killed Robin
  1825 | D:3      | Reached XP level 6. HP: 14/38 MP: 6/6
  2112 | D:3      | Noticed Ijyb
  2167 | D:3      | Killed Ijyb
  2297 | D:3      | You fall into a shaft and drop 1 floor!
  2297 | D:4      | Noticed a black bear
  2362 | D:4      | Killed a black bear
  2372 | D:4      | Identified the ring of the Unstoppable Friars {Int+6 Dex+2}
  2428 | D:3      | Found Ovuiwn's Magic Scroll Emporium.
  2893 | D:3      | Reached skill level 5 in Shields
  3081 | D:3      | Reached skill level 5 in Armour
  3365 | D:4      | Got the Grimoire of the Thoughtful Dreams
  3442 | D:3      | Reached XP level 7. HP: 34/43 MP: 7/7
  3857 | D:4      | Found a hide-covered altar of Uskayaw.
  3857 | D:4      | Found a basalt altar of Yredelemnul.
  3942 | D:5      | Entered Level 5 of the Dungeon
  4084 | D:5      | Found a staircase to the Ecumenical Temple.
  4101 | Temple   | Entered the Ecumenical Temple
  4228 | Temple   | Became a worshipper of Warmaster Okawaru
  4489 | D:5      | Reached skill level 1 in Evocations
  4493 | D:5      | Reached skill level 1 in Invocations
  4493 | D:5      | Reached XP level 8. HP: 48/48 MP: 8/8
  4602 | D:5      | Reached * piety under Okawaru
  5024 | D:6      | Noticed Menkaure
  5039 | D:6      | Killed Menkaure
  5039 | D:6      | Reached ** piety under Okawaru
  5040 | D:6      | Reached skill level 5 in Fighting
  5262 | D:6      | Reached skill level 5 in Long Blades
  5402 | D:7      | Found a shimmering altar of Xom.
  5402 | D:7      | Found a snail-covered altar of Cheibriados.
  5432 | D:7      | Reached XP level 9. HP: 14/54 MP: 10/10
  5683 | D:7      | Reached *** piety under Okawaru
  6297 | D:8      | Identified the +6 war axe "Qoch" {elec, rN+ Int+2 Dex+3}
  6347 | D:8      | Found Limyfent's Antique Weapon Shoppe.
  6556 | D:8      | Reached **** piety under Okawaru
  6581 | D:8      | Reached XP level 10. HP: 60/60 MP: 12/12
  6745 | D:9      | Identified the +3 chain mail of Mordant Curiosity {Rampage
                  | rF+ Will- Str+7}
  6782 | D:9      | Identified the +5 lajatang of Senavir {vorpal, Str+5 Dex+3}
  7098 | D:9      | Found a staircase to the Orcish Mines.
  7282 | D:9      | Received a gift from Okawaru
  7592 | D:10     | Entered Level 10 of the Dungeon
  7592 | D:10     | Noticed a two-headed ogre
  7598 | D:10     | Killed a two-headed ogre
  7598 | D:10     | Reached ***** piety under Okawaru
  7924 | D:10     | Reached XP level 11. HP: 58/66 MP: 14/14
  8232 | D:10     | Found the +4 robe of Folly {Brilliance Will-∞ Int+8}
  8417 | D:11     | Found a flagged portal.
  8468 | Bailey   | Entered a bailey
  8596 | Bailey   | Reached skill level 5 in Invocations
  8628 | Bailey   | Acquired a +3 double sword of flaming
  8662 | Bailey   | Noticed an orc knight
  8663 | Bailey   | Noticed an orc knight
  8663 | Bailey   | Noticed an orc knight
  8670 | Bailey   | Noticed an orc knight
  8674 | Bailey   | Noticed an orc knight
  8680 | Bailey   | HP: 1/66 [orc knight (20)]
  8702 | Bailey   | Killed an orc knight
  8705 | Bailey   | Mangled by an orc knight

Illustrated notes

Levels and vault maps discovered:
D:1:      dpeg_arrival_rooms_a, layout_loops_cross,
          ebering_ecumenical_altar_webs
D:2:      layout_loops_corners, kennysheep_generic_room_13, uniq_sigmund
D:3:      layout_basic, serial_shops, nicolae_diamond_shop, minmay_pentangle,
          uniq_robin, uniq_ijyb
D:4:      layout_rooms, gammafunk_temple_overflow_wave, chequers_garden,
          nrook_campfire, st_stairs_9, chequers_arboretum,
          minmay_misc_feat_four_crosses
D:5:      layout_gridville, minmay_temple_entry_junction_2
D:6:      layout_loops_cross, nicolae_water_bricks, uniq_menkaure
D:7:      layout_rooms, chequers_temple_overflow_statue_of_worship
D:8:      layout_loops_ring, serial_shops, shop_coins, hangedman_glass_teeth
D:9:      layout_irregular_city, erik_orc_1, serial_column_ruins,
          column_ruins_hut_ruined, column_ruins_grid_1, column_ruins_grid_3,
          column_ruins_open_large, column_ruins_open_small,
          column_ruins_corridor_straight, hangedman_decor_diamond_cutter
D:10:     layout_gridville, minmay_diced_spiral
D:11:     layout_roguey, dpeg_lair_monsters, gammafunk_ghost_cemetery,
          enter_bailey_8, onia_ninara_dug_in_and_dangerous
Temple:   dpeg_five_rooms_temple
Bailey:   bailey_polearm_5, bailey

Skill      XL: |  1  2  3  4  5  6  7  8  9 10 11 |
---------------+----------------------------------+-----
Long Blades    | 2 3 4 5 6 7 |  7.5
Armour         | 4 5 6 7 8 9 |  9.3
Dodging        | 1 2 3 4 |  4.4
Shields        | 4 5 6 7 8 9 |  9.3
Fighting       | 4 5 6 |  6.9
Evocations     | 1 2 3 4 |  4.2
Invocations    | 1 2 3 4 5 |  5.1

Action                   |  1- 3 |  4- 6 |  7- 9 | 10-12 || total
-------------------------+-------+-------+-------+-------++-------
Melee: Long sword        |    73 |   229 |   349 |       ||   651
       Scimitar          |       |       |     5 |   295 ||   300
       Double sword      |       |       |       |    10 ||    10
Invok: Heroism           |       |       |     1 |     7 ||     8
       Finesse           |       |       |       |     2 ||     2
Evoke: Wand              |       |       |       |     4 ||     4
  Use: Scroll            |     4 |     7 |    11 |     3 ||    25
       Potion            |     1 |     1 |       |     4 ||     6
 Stab: Invisible         |       |       |       |     1 ||     1
Armor: Scale mail        |    23 |       |       |       ||    23
       Chain mail        |    23 |   156 |   256 |   233 ||   668
       Plate armour      |       |       |       |    73 ||    73
Dodge: Dodged            |    34 |    98 |   144 |   209 ||   485
Block: Buckler           |    13 |    41 |    79 |   121 ||   254

Table legend: (Time is in decaauts)
 A = Elapsed time spent in this place.
 B = Non-inter-level travel time spent in this place.
 C = Inter-level travel time spent in this place.
 D = Time resting spent in this place.
 E = Time spent auto-exploring this place.
 F = Levels seen in this place.
 G = Mean time per level.
                   A        B        C        D        E       F      G
               +--------+--------+--------+--------+--------+-----+--------+
         Total |   8791 |   8508 |    283 |     76 |   5663 |  13 |  676.2 |
       Dungeon |   8297 |   8044 |    253 |     76 |   5373 |  11 |  754.3 |
        Temple |    279 |    249 |     30 |      0 |    221 |   1 |  279.0 |
        Bailey |    215 |    215 |      0 |      0 |     69 |   1 |  215.0 |
               +--------+--------+--------+--------+--------+-----+--------+

Top non-repeatable levels by time:
     D:3: 1580 daAuts
     D:9: 1064 daAuts
     D:2: 917 daAuts
     D:1: 827 daAuts
     D:4: 679 daAuts
    D:10: 649 daAuts
     D:7: 647 daAuts
     D:8: 643 daAuts
     D:6: 619 daAuts
     D:5: 594 daAuts
  Temple: 279 daAuts
  Bailey: 215 daAuts
    D:11: 72 daAuts
